[Event "Saturday 06 January Rapid Engine Tour 12+1 Rounds 9 Starts 1600 ST"]
[Site "Infinity Chess"]
[Date "2018.1.6"]
[Round "6"]
[White "Satria_Ungu"]
[Black "THE_MACHINE"]
[Result "1/2-1/2"]
[ECO "D02"]
[WhiteElo "2432"]
[BlackElo "2516"]
[WhiteEngine "Houdini 6_CTG"]
[BlackEngine "BrainFish_171226_x64_bmi2"]
[EventType "Swiss"]
[WhiteTeam ""]
[BlackTeam ""]
[PlyCount "189"]
[TimeControl "720+1"]

1. d4 d5 2. Nf3 Nf6 3. Bf4 c5 4. e3 Nc6 5. Nbd2 Qb6 6. dxc5 Qxb2 7. Rb1 Qc3 
8. Bb5 e6 9. O-O Be7 10. Ne5 Bd7 11. Ndf3 O-O 12. e4 Be8 13. Bd2 Qa3 
14. exd5 Nxd5 15. Bxc6 Bxc6 16. Nxc6 bxc6 17. c4 Nf6 18. Bb4 Qxa2 19. Ne5 a5 
20. Ra1 Qb2 21. Nxc6 axb4 22. Nxe7+ Kh8 23. Rxa8 Rxa8 24. Qd6 b3 25. c6 Ne8 
26. Qd7 h6 27. g3 Qe5 28. Nc8 Nc7 29. Qd8+ Kh7 30. Qd3+ Qf5 31. Qxf5+ exf5 
32. Nb6 Ra6 33. c5 b2 34. Nc4 Rxc6 35. Nxb2 Rxc5 36. Rd1 Ne6 37. Rd7 Rc7 
38. Rxc7 Nxc7 39. Nc4 Kg6 40. f4 Kf6 41. Ne5 Ke6 42. Kf2 Ne8 43. Ke3 Nf6 
44. Kd4 h5 45. Kc5 Ng4 46. Nf3 Ne3 47. Ng5+ Ke7 48. Nf3 Ke6 49. Ng5+ Ke7 
50. Nf3 Ng4 51. Kc4 Nf2 52. Kd5 Ne4 53. Kd4 g6 54. Kc4 Ke6 55. Nd4+ Kd7 
56. Nf3 Nd6+ 57. Kd5 Ne4 58. Kc4 Ke6 59. Nd4+ Ke7 60. Nf3 Kd7 61. Kd5 Ke8 
62. Kc4 Kd7 63. Kd5 Nf2 64. Ng5 Ke8 65. Nf3 Ne4 66. Kc4 Ke7 67. Kd5 Kd8 
68. Ke5 Ke8 69. Kd5 h4 70. Nxh4 Ke7 71. Nf3 Kf6 72. Ne5 Nf2 73. Nc6 Ng4 
74. h3 Nf2 75. Kd4 Nxh3 76. Ke3 g5 77. Kf3 gxf4 78. gxf4 Ng1+ 79. Ke3 Nh3 
80. Nb4 Kg6 81. Kd4 Nf2 82. Ke5 Ng4+ 83. Kd5 f6 84. Nc6 Kf7 85. Nb4 Ne3+ 
86. Kd4 Nd1 87. Nd3 Kg6 88. Nb4 Nb2 89. Nc2 Kf7 90. Ne1 Nd1 91. Nd3 Ke6 
92. Kc4 Ne3+ 93. Kd4 Nd1 94. Nc5+ Kf7 95. Nd3 1/2-1/2

[Event "Saturday 06 January Rapid Engine Tour 12+1 Rounds 9 Starts 1600 ST"]
[Site "Infinity Chess"]
[Date "2018.1.6"]
[Round "6"]
[White "xeonrocks"]
[Black "Deep_Impact"]
[Result "1-0"]
[ECO "C58"]
[WhiteElo "2504"]
[BlackElo "2508"]
[WhiteEngine "asmFishW_CTG"]
[BlackEngine "BrainFish_171226_x64_modern"]
[EventType "Swiss"]
[WhiteTeam ""]
[BlackTeam ""]
[PlyCount "221"]
[TimeControl "720+1"]

1. e4 e5 2. Nf3 Nc6 3. Bc4 Nf6 4. Ng5 d5 5. exd5 Na5 6. Bb5+ c6 7. dxc6 bxc6 
8. Be2 h6 9. Nh3 Qc7 10. O-O Bc5 11. Kh1 O-O 12. d3 Rd8 13. Nc3 Nb7 14. Qe1 Bf5 
15. Bf3 Re8 16. Ne4 Nd5 17. Ng3 Nd6 18. Nxf5 Nxf5 19. c3 Nf6 20. Qe2 Nd6 
21. Qc2 Qd7 22. Bd2 g5 23. Be2 Rad8 24. Rae1 Nf5 25. Bc1 Bb6 26. a4 Kg7 
27. Ng1 e4 28. d4 Bc7 29. b3 a5 30. Bc4 Nd6 31. Be2 Nf5 32. Bc4 Nd6 33. Ba6 Qe6 
34. Be2 Nd5 35. g3 Re7 36. Bb2 Qg6 37. c4 Nb4 38. d5+ Kh7 39. Qc3 Nf5 
40. Qf6 Ree8 41. f3 Bxg3 42. fxe4 Bxe1 43. Rxf5 cxd5 44. cxd5 Bd2 45. Ba1 Qxf6 
46. Bxf6 Kg6 47. Bxd8 Rxd8 48. Bb5 g4 49. Ne2 Nc2 50. Bd3 Ne1 51. Bb1 Kg7 
52. Nd4 Bc3 53. Nc6 Rd6 54. Rf1 Nf3 55. Bd3 h5 56. Rc1 Bd2 57. Rf1 Bc3 
58. Rc1 Bd2 59. Rd1 Bc3 60. Bb5 Nd2 61. Re1 f5 62. Ne7 Rd8 63. Nxf5+ Kf6 
64. d6 Nxb3 65. Re3 Nc5 66. Rxc3 Nxe4 67. Re3 Kxf5 68. Bd3 Rxd6 69. Bxe4+ Kf4 
70. Rd3 Re6 71. Bd5 Re1+ 72. Kg2 Re2+ 73. Kg1 Rb2 74. Rd4+ Ke5 75. Rd1 h4 
76. Bc4 Rb4 77. Bb5 Ke4 78. Rc1 Kd5 79. Rc2 Rb1+ 80. Kf2 Rb4 81. Kf1 Kd4 
82. Ke2 Kd5 83. Kf1 Kd4 84. Ke2 Kd5 85. Ke3 Re4+ 86. Kd3 Rd4+ 87. Kc3 Rb4 
88. Re2 Rf4 89. Rd2+ Ke5 90. Bc6 Rf6 91. Rd5+ Kf4 92. Rd4+ Ke5 93. Rc4 Rf2 
94. Rxg4 Rxh2 95. Rg5+ Kd6 96. Be4 Re2 97. Bd3 Ra2 98. Bc2 Ra1 99. Rxa5 Rg1 
100. Rh5 Rg4 101. a5 Kc6 102. Bd3 Rf4 103. Bc4 Rg4 104. Kb4 Rf4 105. a6 Kb6 
106. Rh7 Rd4 107. a7 Rd8 108. Bd5 Rc8 109. a8=Q Rc4+ 110. Bxc4 h3 111. Qa6# 1-0

[Event "Saturday 06 January Rapid Engine Tour 12+1 Rounds 9 Starts 1600 ST"]
[Site "Infinity Chess"]
[Date "2018.1.6"]
[Round "5"]
[White "Thinker"]
[Black "IronMan"]
[Result "1/2-1/2"]
[ECO "C55"]
[WhiteElo "2452"]
[BlackElo "2373"]
[WhiteEngine "BrainFish_180106_x64_modern_CTG"]
[BlackEngine "Stockfish SL BMI2"]
[EventType "Swiss"]
[WhiteTeam ""]
[BlackTeam ""]
[PlyCount "72"]
[TimeControl "720+1"]

1. e4 e5 2. Nf3 Nc6 3. Bc4 Nf6 4. d3 Bc5 5. c3 O-O 6. a4 a5 7. O-O h6 8. h3 d6 
9. Re1 Be6 10. Nbd2 Qd7 11. Bb5 Qd8 12. Bc4 Ba7 13. Bxe6 fxe6 14. Nc4 Nh5 
15. Be3 Bxe3 16. fxe3 b6 17. Ncd2 d5 18. Rc1 Rc8 19. Nh2 Nf6 20. Ng4 Qd6 
21. Rf1 Nd7 22. Qc2 Ne7 23. Rxf8+ Rxf8 24. Re1 Ng6 25. Nf3 dxe4 26. dxe4 Qc6 
27. b3 Nc5 28. Nf2 Nb7 29. Ng4 Qc5 30. Nf2 Qe7 31. Nd3 Nd6 32. Rd1 Qf6 
33. Rf1 Qd8 34. Rd1 Qf6 35. Rf1 Qd8 36. Rd1 Qf6 1/2-1/2

[Event "Saturday 06 January Rapid Engine Tour 12+1 Rounds 9 Starts 1600 ST"]
[Site "Infinity Chess"]
[Date "2018.1.6"]
[Round "5"]
[White "ocirema"]
[Black "CoffeeOne"]
[Result "1/2-1/2"]
[ECO "D30"]
[WhiteElo "2428"]
[BlackElo "2509"]
[WhiteEngine "Stockfish_18010423_720_x64_modern_BYO_RW_CTG"]
[BlackEngine "cfish-2018-01-05"]
[EventType "Swiss"]
[WhiteTeam ""]
[BlackTeam ""]
[PlyCount "121"]
[TimeControl "720+1"]

1. d4 d5 2. c4 e6 3. Nf3 Nf6 4. Nc3 c6 5. e3 Nbd7 6. Qc2 Bd6 7. Bd3 O-O 
8. O-O dxc4 9. Bxc4 a6 10. Rd1 b5 11. Bd3 Bb7 12. Ng5 h6 13. Nge4 Bc7 14. b4 a5 
15. bxa5 Rxa5 16. a3 Qe7 17. Bb2 Nd5 18. Nxd5 exd5 19. Ng3 Rfa8 20. e4 Nb6 
21. Re1 Qf8 22. exd5 Nxd5 23. Bh7+ Kh8 24. Be4 Qd6 25. Bxd5 Qxd5 26. Re7 c5 
27. Ne4 Qd8 28. Rxf7 Bxh2+ 29. Kxh2 Qh4+ 30. Kg1 Bxe4 31. Qe2 R5a6 32. f3 Bd5 
33. Rf5 Re6 34. Re5 Rae8 35. Qf2 Qxf2+ 36. Kxf2 Bc4 37. a4 cxd4 38. Rxe6 Rxe6 
39. Bxd4 Re2+ 40. Kg3 Rd2 41. Be3 Re2 42. Bd4 Rd2 43. axb5 Rxd4 44. Ra4 Rd5 
45. Rxc4 Rxb5 46. f4 Kg8 47. Kh4 Kf7 48. g3 h5 49. Rc7+ Kf6 50. Rc6+ Kf7 
51. Rc8 Ke7 52. Rc4 Kf6 53. Rc2 g6 54. Rc6+ Kf7 55. Ra6 Rb2 56. Ra7+ Kf6 
57. Ra6+ Kf7 58. Rc6 Rb5 59. Ra6 Rb7 60. Kg5 Rb5+ 61. Kh4 1/2-1/2

[Event "Saturday 06 January Rapid Engine Tour 12+1 Rounds 9 Starts 1600 ST"]
[Site "Infinity Chess"]
[Date "2018.1.6"]
[Round "5"]
[White "KillBill2017"]
[Black "MGR"]
[Result "1/2-1/2"]
[ECO "C53"]
[WhiteElo "2397"]
[BlackElo "2488"]
[WhiteEngine "Raubfisch ME262_GTZ16b1_CTG"]
[BlackEngine "asmFishW_2017-11-19_bmi2"]
[EventType "Swiss"]
[WhiteTeam ""]
[BlackTeam ""]
[PlyCount "114"]
[TimeControl "720+1"]

1. e4 e5 2. Nf3 Nc6 3. Bc4 Bc5 4. c3 Nf6 5. d3 d6 6. O-O O-O 7. a4 a5 8. h3 Bb6 
9. Re1 h6 10. Nbd2 Be6 11. Bxe6 fxe6 12. Nc4 Bc5 13. Be3 Bxe3 14. Rxe3 Qd7 
15. Qb3 Nh5 16. Qb5 Nf4 17. Kh2 Ng6 18. Rf1 Rf7 19. g3 b6 20. Rc1 Nge7 
21. Kg2 Raf8 22. Rf1 Ng6 23. Ncd2 d5 24. Ne1 Nge7 25. Nef3 Qd6 26. h4 Kh8 
27. h5 Kg8 28. Ree1 Rd8 29. Re3 Kh7 30. d4 exd4 31. e5 Qc5 32. Qd3+ Nf5 
33. Nb3 Qe7 34. Nfxd4 Ncxd4 35. Nxd4 Kg8 36. Nc6 Qd7 37. Nxd8 Nxe3+ 
38. Qxe3 Qxd8 39. f4 Qe8 40. b3 Rd7 41. g4 g6 42. hxg6 Qxg6 43. Kg3 h5 
44. g5 h4+ 45. Kh2 c5 46. Rf2 Kf7 47. Qf3 Kg7 48. Kh3 Rd8 49. Kxh4 Rh8+ 
50. Kg3 Qh7 51. Qg4 Qd3+ 52. Kg2 Qb1 53. Qxe6 Qe4+ 54. Rf3 Qc2+ 55. Rf2 Qe4+ 
56. Rf3 Qe2+ 57. Rf2 Qe4+ 1/2-1/2

[Event "Saturday 06 January Rapid Engine Tour 12+1 Rounds 9 Starts 1600 ST"]
[Site "Infinity Chess"]
[Date "2018.1.6"]
[Round "5"]
[White "angriff"]
[Black "hafaba"]
[Result "1/2-1/2"]
[ECO "B00"]
[WhiteElo "2406"]
[BlackElo "2401"]
[WhiteEngine "SF_64BIT_POPCNT_CTG"]
[BlackEngine "SF SL 03012018 POPCNT_CTG"]
[EventType "Swiss"]
[WhiteTeam ""]
[BlackTeam ""]
[PlyCount "136"]
[TimeControl "720+1"]

1. e4 Nc6 2. d4 d5 3. e5 Bf5 4. Nf3 e6 5. c3 f6 6. Bb5 Nge7 7. exf6 gxf6 
8. Nh4 Bg6 9. O-O Qd7 10. Nd2 Nf5 11. Ndf3 O-O-O 12. Nxf5 Bxf5 13. Nh4 Be4 
14. Bf4 Rg8 15. Qd2 Kb8 16. Rae1 a6 17. Ba4 Bd6 18. f3 Bd3 19. Rf2 Bb5 
20. Bxd6 Qxd6 21. Bc2 Ne7 22. f4 Rg4 23. g3 Bd7 24. a4 h5 25. b4 Rh8 26. Kh1 Rg7 
27. Rfe2 f5 28. Rg2 Ng8 29. b5 Nf6 30. bxa6 Qxa6 31. Bd3 Qa5 32. Qb2 Ne4 
33. Rc1 b6 34. c4 dxc4 35. Bxc4 Rd8 36. d5 exd5 37. Bb5 Rh7 38. Qd4 Bc8 
39. Rb2 Bb7 40. Nxf5 h4 41. g4 h3 42. Kg1 Rg8 43. Be2 Re8 44. Bf1 Bc8 
45. Rb5 Qd2 46. Qxd2 Nxd2 47. Rxd5 Nf3+ 48. Kf2 Nxh2 49. Be2 Rxe2+ 50. Kxe2 Nxg4 
51. Rd8 h2 52. Nd6 cxd6 53. Rdxc8+ Kb7 54. Rg8 Nf6 55. Rf8 h1=Q 56. Rxh1 Rxh1 
57. Rxf6 Kc6 58. Kf3 Ra1 59. Rf8 Rxa4 60. f5 d5 61. f6 Kd7 62. f7 Ra3+ 
63. Kf4 Ke6 64. Rb8 Ra4+ 65. Ke3 Kxf7 66. Rxb6 Re4+ 67. Kd2 Rc4 68. Rb8 Ke6 
1/2-1/2

[Event "Saturday 06 January Rapid Engine Tour 12+1 Rounds 9 Starts 1600 ST"]
[Site "Infinity Chess"]
[Date "2018.1.6"]
[Round "5"]
[White "OlivierEvan"]
[Black "Satria_Ungu"]
[Result "0-1"]
[ECO "A00"]
[WhiteElo "2405"]
[BlackElo "2416"]
[WhiteEngine "Houdini 6"]
[BlackEngine "Houdini 6_CTG"]
[EventType "Swiss"]
[WhiteTeam ""]
[BlackTeam ""]
[PlyCount "151"]
[TimeControl "720+1"]

1. Nc3 d5 2. d3 c5 3. f4 Nc6 4. g3 d4 5. Ne4 Nf6 6. Nf3 Bg4 7. Nxf6+ exf6 
8. Bg2 Be7 9. e3 O-O 10. e4 Qc7 11. O-O Rad8 12. Qe2 h6 13. a3 Rfe8 14. Qf2 Bf8 
15. b3 Bc8 16. Bd2 a6 17. f5 b6 18. a4 Qd7 19. Bh3 Bd6 20. Bg4 Bb7 21. Rfb1 Nb4 
22. Rc1 Qe7 23. Bh5 Kh7 24. Nh4 Rg8 25. Qe2 Nc6 26. Rf1 Ne5 27. Qf2 Bc6 
28. Ra2 Rdf8 29. Nf3 g6 30. Nxe5 Bxe5 31. Bf3 Kg7 32. b4 cxb4 33. a5 Ra8 
34. Rfa1 Rgb8 35. Qe1 Qb7 36. Qd1 bxa5 37. Rxa5 g5 38. Bg2 Rc8 39. Rb1 Bd6 
40. Qe1 Qb6 41. Rba1 Bb7 42. Qb1 Rc7 43. Bf3 Rac8 44. R5a2 a5 45. Kg2 Ra8 
46. Qg1 a4 47. Rb1 Bc6 48. h4 Rb8 49. Qf2 Rcc8 50. Kh3 Qc5 51. Bd1 a3 
52. Qf3 Rg8 53. Qg4 h5 54. Qxh5 Bxg3 55. Kxg3 Rh8 56. hxg5 Rxh5 57. Bxh5 Ba4 
58. Rc1 Rg8 59. gxf6+ Kxf6+ 60. Bg4 Qc7+ 61. Kf3 Qh2 62. Bf4 Qh4 63. Rg1 Ke7 
64. Bc7 Kd7 65. Be5 Rxg4 66. Rxg4 Qh3+ 67. Rg3 Qf1+ 68. Kg4 Qb1 69. Bxd4 Qxa2 
70. Rg2 b3 71. Rh2 b2 72. c3 Qb3 73. Rh1 a2 74. e5 b1=Q 75. e6+ fxe6 76. Rh7+ 
0-1

[Event "Saturday 06 January Rapid Engine Tour 12+1 Rounds 9 Starts 1600 ST"]
[Site "Infinity Chess"]
[Date "2018.1.6"]
[Round "5"]
[White "NINJA_JENGKA"]
[Black "neófito"]
[Result "1/2-1/2"]
[ECO "A05"]
[WhiteElo "2419"]
[BlackElo "2413"]
[WhiteEngine "Houdini 6_CTG"]
[BlackEngine "Raubfisch X37b1_CTG"]
[EventType "Swiss"]
[WhiteTeam ""]
[BlackTeam ""]
[PlyCount "67"]
[TimeControl "720+1"]

1. Nf3 Nf6 2. d4 d5 3. c4 e6 4. Nc3 c6 5. Bg5 h6 6. Bxf6 Qxf6 7. e3 g6 
8. Ne5 Bg7 9. f4 O-O 10. Qd2 Nd7 11. O-O-O Qe7 12. h4 Nxe5 13. dxe5 a6 
14. Bd3 b5 15. c5 Qxc5 16. Bc2 b4 17. Na4 Qe7 18. h5 g5 19. Qd3 Rd8 20. Rhf1 Ra7 
21. Qh7+ Kf8 22. g4 a5 23. Rf3 c5 24. Bg6 Ba6 25. f5 exf5 26. Bxf7 Qxe5 
27. Bxd5 Qxb2+ 28. Nxb2 Bxb2+ 29. Kxb2 Rxh7 30. Rxf5+ Ke7 31. Re5+ Kf8 
32. Rf5+ Ke7 33. Re5+ Kf8 34. Rf5+ 1/2-1/2

[Event "Saturday 06 January Rapid Engine Tour 12+1 Rounds 9 Starts 1600 ST"]
[Site "Infinity Chess"]
[Date "2018.1.6"]
[Round "5"]
[White "KhalidOmar"]
[Black "KULLANI"]
[Result "1/2-1/2"]
[ECO "C65"]
[WhiteElo "2443"]
[BlackElo "2437"]
[WhiteEngine "Eman 1.60 64-bit BMI2"]
[BlackEngine "Raubfisch ME262_GTZ16b1._CTG"]
[EventType "Swiss"]
[WhiteTeam ""]
[BlackTeam ""]
[PlyCount "83"]
[TimeControl "720+1"]

1. e4 e5 2. Nf3 Nc6 3. Bb5 Nf6 4. d3 Bc5 5. c3 O-O 6. O-O d6 7. h3 a6 8. Ba4 h6 
9. d4 Bb6 10. Re1 Bd7 11. Be3 exd4 12. cxd4 Re8 13. d5 Ne5 14. Nxe5 Rxe5 
15. Bxb6 cxb6 16. Bxd7 Qxd7 17. Nc3 Rae8 18. Qd4 b5 19. Re3 Nh5 20. Rae1 f5 
21. a3 Nf4 22. Kh2 Nh5 23. exf5 Qxf5 24. Rxe5 Rxe5 25. Rxe5 Qxe5+ 26. Qxe5 dxe5 
27. Ne4 Kf7 28. Nd6+ Ke7 29. Nxb7 Nf6 30. b3 Nxd5 31. Kg3 Nc3 32. Nc5 a5 
33. Kf3 Nb1 34. Ke4 Nxa3 35. Kxe5 Nc2 36. g4 Nb4 37. Kf5 Nc6 38. f4 Kd6 
39. Ne4+ Ke7 40. Nc5 Kf7 41. Ke4 Ke7 42. Kf5 1/2-1/2

[Event "Saturday 06 January Rapid Engine Tour 12+1 Rounds 9 Starts 1600 ST"]
[Site "Infinity Chess"]
[Date "2018.1.6"]
[Round "5"]
[White "Prometheus"]
[Black "Tiger"]
[Result "1/2-1/2"]
[ECO "C50"]
[WhiteElo "2438"]
[BlackElo "2444"]
[WhiteEngine "Eman 1.58-64bit-IDeA"]
[BlackEngine "BrainFish_171111_x64_bmi2"]
[EventType "Swiss"]
[WhiteTeam ""]
[BlackTeam ""]
[PlyCount "96"]
[TimeControl "720+1"]

1. e4 e5 2. Nf3 Nc6 3. Bc4 Bc5 4. h3 Nf6 5. d3 d6 6. a4 a5 7. c3 O-O 8. O-O h6 
9. Re1 Be6 10. Bxe6 fxe6 11. Be3 Bxe3 12. Rxe3 Rf7 13. Nbd2 Qd7 14. Rc1 Rb8 
15. d4 exd4 16. cxd4 Rbf8 17. Qe2 Nb4 18. Qb5 b6 19. Qxd7 Rxd7 20. Nc4 Nh5 
21. g3 Rdf7 22. Kg2 g5 23. Rb3 Kh7 24. Ra3 Kg6 25. Re3 Kh7 26. Na3 Nf6 
27. Nb5 g4 28. hxg4 Nxg4 29. Rb3 d5 30. e5 Nxf2 31. Kxf2 c6 32. Nd6 Rxf3+ 
33. Rxf3 Nd3+ 34. Kg2 Rxf3 35. Rxc6 Rf2+ 36. Kh3 Rxb2 37. Rc7+ Kg6 38. Re7 Nf2+ 
39. Kh4 Rb1 40. g4 Rg1 41. Rxe6+ Kh7 42. Re7+ Kg6 43. Re6+ Kh7 44. Rf6 Rxg4+ 
45. Kh5 Rg5+ 46. Kh4 Rg4+ 47. Kh5 Rg5+ 48. Kh4 Rg4+ 1/2-1/2

[Event "Saturday 06 January Rapid Engine Tour 12+1 Rounds 9 Starts 1600 ST"]
[Site "Infinity Chess"]
[Date "2018.1.6"]
[Round "5"]
[White "Klaus"]
[Black "RonWeasley"]
[Result "1/2-1/2"]
[ECO "C11"]
[WhiteElo "2446"]
[BlackElo "2439"]
[WhiteEngine "asmFishW_2017-11-19_bmi2"]
[BlackEngine "BrainFish 261217_CTG"]
[EventType "Swiss"]
[WhiteTeam ""]
[BlackTeam ""]
[PlyCount "114"]
[TimeControl "720+1"]

1. e4 e6 2. d4 d5 3. Nc3 Nf6 4. e5 Nfd7 5. f4 c5 6. Nf3 Nc6 7. Be3 cxd4 
8. Nxd4 Qb6 9. Qd2 Qxb2 10. Rb1 Qa3 11. Bb5 Nxd4 12. Bxd4 a6 13. Bxd7+ Bxd7 
14. Rb3 Qe7 15. Rxb7 Rc8 16. O-O Qd8 17. Qf2 Rxc3 18. Bxc3 Qc8 19. Rb3 Ba4 
20. Bd4 Bxb3 21. axb3 Be7 22. c3 O-O 23. b4 Qc6 24. h4 h5 25. Qf3 g6 26. g4 hxg4 
27. Qxg4 Kh7 28. h5 Rg8 29. Kf2 Qa4 30. hxg6+ Rxg6 31. Rh1+ Rh6 32. Qd1 Qa2+ 
33. Kg3 Rxh1 34. Qxh1+ Kg8 35. Qd1 Qc4 36. Kg2 Qa2+ 37. Kg3 Qc4 38. Kg4 Kf8 
39. Kg3 Ke8 40. Qb1 Qe2 41. Qh7 Qd2 42. Qg8+ Kd7 43. Qxf7 Qd3+ 44. Kf2 Qd1 
45. Bc5 Qc2+ 46. Ke1 Qc1+ 47. Kf2 Qc2+ 48. Ke1 Qc1+ 49. Kf2 Qd2+ 50. Kg3 Qd3+ 
51. Kf2 Qd2+ 52. Kg3 Qe1+ 53. Kg2 Qd2+ 54. Kf1 Qc1+ 55. Ke2 Qc2+ 56. Kf3 Qd3+ 
57. Kf2 Qd2+ 1/2-1/2

[Event "Saturday 06 January Rapid Engine Tour 12+1 Rounds 9 Starts 1600 ST"]
[Site "Infinity Chess"]
[Date "2018.1.6"]
[Round "5"]
[White "Eman"]
[Black "MarioDeMonti"]
[Result "1/2-1/2"]
[ECO "D11"]
[WhiteElo "2459"]
[BlackElo "2445"]
[WhiteEngine "Eman 1.60 64-bit POPCNT"]
[BlackEngine "stockfish_x64_bmi2_2017_12_26_CTG"]
[EventType "Swiss"]
[WhiteTeam ""]
[BlackTeam ""]
[PlyCount "95"]
[TimeControl "720+1"]

1. d4 d5 2. c4 c6 3. Nf3 Nf6 4. g3 e6 5. Bg2 b6 6. O-O Bb7 7. Nc3 Be7 8. Nd2 O-O 
9. e4 Na6 10. e5 Nd7 11. cxd5 cxd5 12. Qg4 Nb4 13. Nf3 Kh8 14. Rd1 Rc8 
15. Bf1 Nc2 16. Rb1 Na3 17. bxa3 Rxc3 18. Rb3 Qc8 19. Bd2 Rc7 20. Qh5 Kg8 
21. Bd3 f5 22. g4 Ba6 23. Bb1 Bc4 24. Rc3 Bxa2 25. Rxc7 Qxc7 26. Rc1 Qxc1+ 
27. Bxc1 Bxb1 28. Bg5 Bxa3 29. gxf5 Bxf5 30. Nh4 Be4 31. Qg4 Re8 32. Qh3 Bb4 
33. Qb3 Be7 34. Bxe7 Rxe7 35. f3 Bg6 36. Nxg6 hxg6 37. h4 Nf8 38. Qc3 a5 
39. Kg2 Ra7 40. Qc6 a4 41. Qxb6 Ra8 42. Qc6 Ra7 43. Qb6 Ra8 44. Qb7 Ra5 
45. Qb4 Ra8 46. Qb7 Ra5 47. Qb4 Ra8 48. Qb7 1/2-1/2

[Event "Saturday 06 January Rapid Engine Tour 12+1 Rounds 9 Starts 1600 ST"]
[Site "Infinity Chess"]
[Date "2018.1.6"]
[Round "5"]
[White "Marsell"]
[Black "incredible"]
[Result "1/2-1/2"]
[ECO "C53"]
[WhiteElo "2454"]
[BlackElo "2484"]
[WhiteEngine "asmFishW_2017-12-07_popcnt"]
[BlackEngine "stockfish_18010422_x64_bmi2"]
[EventType "Swiss"]
[WhiteTeam ""]
[BlackTeam ""]
[PlyCount "95"]
[TimeControl "720+1"]

1. e4 e5 2. Nf3 Nc6 3. Bc4 Bc5 4. c3 Nf6 5. d3 d6 6. O-O Bb6 7. Bg5 h6 8. Bh4 g5 
9. Bg3 O-O 10. a4 Nh7 11. Nbd2 a6 12. h3 h5 13. Kh1 Kh8 14. b4 Qf6 15. Bd5 g4 
16. Nh4 Ne7 17. Bb3 Qg7 18. Kh2 Ba7 19. d4 exd4 20. cxd4 Ng6 21. Rc1 Nxh4 
22. Bxh4 f5 23. Qc2 Qxd4 24. Qc3 Qxc3 25. Rxc3 Bb8 26. hxg4 fxe4 27. Nxe4 c6 
28. Bg3 d5 29. Nd6 h4 30. Be5+ Kg8 31. f4 Bxg4 32. Re1 Bxd6 33. Bxd6 Rf7 
34. g3 h3 35. Bc5 Nf6 36. Bd4 Re8 37. Rxe8+ Nxe8 38. Re3 Ng7 39. Re5 Nf5 
40. Bc5 Rg7 41. Bd1 Bxd1 42. Rxf5 Bg4 43. Rf8+ Kh7 44. f5 Rg5 45. Rf7+ Rg7 
46. Rf8 Rg8 47. Rf7+ Rg7 48. Rf8 1/2-1/2

[Event "Saturday 06 January Rapid Engine Tour 12+1 Rounds 9 Starts 1600 ST"]
[Site "Infinity Chess"]
[Date "2018.1.6"]
[Round "5"]
[White "Katzenmaier"]
[Black "SkyPilot"]
[Result "1/2-1/2"]
[ECO "C26"]
[WhiteElo "2489"]
[BlackElo "2471"]
[WhiteEngine "S_XPrO.251117.x64.POPCNT_CTG"]
[BlackEngine "stockfish_x64_bmi2_2018_01_01_CTG"]
[EventType "Swiss"]
[WhiteTeam ""]
[BlackTeam ""]
[PlyCount "100"]
[TimeControl "720+1"]

1. e4 e5 2. Nc3 Nf6 3. g3 Bc5 4. Bg2 Nc6 5. d3 a6 6. h3 d6 7. Nge2 O-O 8. O-O b5 
9. a3 Bd7 10. Kh2 Nd4 11. Nxd4 Bxd4 12. f4 exf4 13. gxf4 Ne8 14. Ne2 Bf6 
15. d4 Rc8 16. f5 Bh4 17. Qd3 c5 18. c3 Qe7 19. Bf4 cxd4 20. Nxd4 Bf6 
21. Rad1 Be5 22. Bxe5 dxe5 23. Nc2 Nf6 24. Qd6 Qxd6 25. Rxd6 a5 26. Ne3 Bc6 
27. Nd5 Bxd5 28. exd5 b4 29. axb4 axb4 30. Rc6 bxc3 31. bxc3 Rxc6 32. dxc6 Rc8 
33. Re1 e4 34. Bxe4 Nxe4 35. Rxe4 Kf8 36. Rc4 Ke7 37. c7 Kd6 38. Kg3 Rxc7 
39. Rxc7 Kxc7 40. Kf4 Kd6 41. f6 g6 42. Kg5 Ke5 43. c4 h6+ 44. Kxh6 Kxf6 
45. c5 Kf5 46. h4 Ke6 47. Kg5 f5 48. h5 gxh5 49. Kxh5 Kd5 50. c6 Kxc6 1/2-1/2

[Event "Saturday 06 January Rapid Engine Tour 12+1 Rounds 9 Starts 1600 ST"]
[Site "Infinity Chess"]
[Date "2018.1.6"]
[Round "5"]
[White "Deep_Impact"]
[Black "Gilgamesch"]
[Result "1-0"]
[ECO "D31"]
[WhiteElo "2491"]
[BlackElo "2526"]
[WhiteEngine "BrainFish_171226_x64_modern"]
[BlackEngine "BrainFish_171005_x64_bmi2"]
[EventType "Swiss"]
[WhiteTeam ""]
[BlackTeam ""]
[PlyCount "191"]
[TimeControl "720+1"]

1. d4 d5 2. c4 e6 3. Nc3 c6 4. Nf3 Nf6 5. Bg5 h6 6. Bxf6 Qxf6 7. e3 Nd7 
8. Bd3 g6 9. e4 dxc4 10. e5 Qe7 11. Bxc4 Bg7 12. O-O O-O 13. Re1 b5 14. Bd3 a6 
15. Be4 Bb7 16. Rc1 Rab8 17. a3 Rfc8 18. b4 a5 19. Rb1 axb4 20. axb4 Nb6 
21. Bd3 Rd8 22. Ne4 Nd5 23. Qd2 Ra8 24. Rb3 Ra4 25. Nc5 Rda8 26. Nxa4 bxa4 
27. Ra3 Nxb4 28. Rea1 c5 29. dxc5 Nxd3 30. Qxd3 Bc6 31. Qe3 Qc7 32. h3 Kh7 
33. Rd1 Bd5 34. Rc1 Kg8 35. Qd2 Bc6 36. Qd6 Qc8 37. Nd2 h5 38. Nc4 Qb7 
39. Qd2 Qe7 40. Rd3 Kh7 41. Rd6 Bh6 42. f4 Qb7 43. Na5 Rxa5 44. Qxa5 Qb2 
45. Qd2 Qxd2 46. Rxd2 Bxf4 47. Rcc2 Be3+ 48. Kh2 Bxd2 49. Rxd2 Bd5 50. Rc2 a3 
51. c6 a2 52. Rxa2 Bxc6 53. h4 Kh6 54. Rf2 Kg7 55. Kh3 Ba4 56. Kg3 Bd1 
57. Rd2 Bg4 58. Kf4 Bf5 59. Ke3 Bb1 60. Rd8 Ba2 61. Rb8 Bd5 62. Rb2 Bc4 
63. Kd4 Bd5 64. Rf2 Kf8 65. g3 Ke8 66. Rc2 Ke7 67. Rc7+ Kf8 68. Kc5 g5 
69. hxg5 Kg7 70. Ra7 Kg6 71. Ra4 Bf3 72. Rf4 Bg4 73. Rf6+ Kxg5 74. Rxf7 Bd1 
75. Kd6 Bb3 76. Rf6 Kg4 77. Rh6 Bd5 78. Ke7 Kf5 79. Rxh5+ Kg6 80. Rh4 Kf5 
81. Rf4+ Kg5 82. Rf6 Kh5 83. Rxe6 Bh1 84. Ra6 Bb7 85. Ra4 Kg6 86. Rf4 Bc8 
87. e6 Ba6 88. Kd8 Kg5 89. e7 Bb5 90. e8=Q Bxe8 91. Kxe8 Kg6 92. Kf8 Kh5 
93. Kf7 Kg5 94. Kg7 Kh5 95. Kf6 Kh6 96. Rh4# 1-0

[Event "Saturday 06 January Rapid Engine Tour 12+1 Rounds 9 Starts 1600 ST"]
[Site "Infinity Chess"]
[Date "2018.1.6"]
[Round "5"]
[White "Susanne"]
[Black "xeonrocks"]
[Result "0-1"]
[ECO "C50"]
[WhiteElo "2494"]
[BlackElo "2488"]
[WhiteEngine "BrainFish_171226_x64_bmi2_CTG"]
[BlackEngine "asmFishW_CTG"]
[EventType "Swiss"]
[WhiteTeam ""]
[BlackTeam ""]
[PlyCount "118"]
[TimeControl "720+1"]

1. e4 e5 2. Nf3 Nc6 3. Bc4 Bc5 4. O-O Nf6 5. d3 d6 6. c3 O-O 7. Nbd2 a5 
8. Re1 Ba7 9. Nf1 Be6 10. Bxe6 fxe6 11. Ng3 a4 12. h3 h6 13. Be3 Bxe3 
14. Rxe3 d5 15. Re2 d4 16. Rc1 Nd7 17. Rec2 Qe7 18. Nf1 a3 19. b4 dxc3 
20. Rxc3 Nxb4 21. Rxc7 Nxa2 22. Ra1 Qd6 23. Rxd7 Qxd7 24. Rxa2 Qa4 25. Qxa4 Rxa4 
26. Nxe5 b5 27. Nd7 b4 28. Nc5 Ra5 29. d4 Rc8 30. Nd2 e5 31. Ncb3 Ra7 32. d5 g5 
33. Kf1 h5 34. f3 Kf7 35. Ke2 Ke8 36. Na1 Rac7 37. Nab3 Ke7 38. Na5 Rc2 
39. Rxc2 Rxc2 40. Nab3 a2 41. Na1 Rc1 42. Ndb3 Rg1 43. Kf2 Rb1 44. Ke2 h4 
45. Ke3 Kd6 46. Ke2 Kc7 47. Kd3 Rg1 48. Kc4 Rxg2 49. Kc5 Rg3 50. d6+ Kd8 
51. Na5 Kd7 52. Nc4 Ke6 53. Nxe5 Rg1 54. d7 Rd1 55. Nc4 Rxd7 56. Nb3 Rd3 
57. Nca5 Rxf3 58. Nd4+ Ke7 59. Nxf3 a1=Q 0-1